 Dungeon Crawl Stone Soup version 0.31-a0-1603-gbec6b6ccbf (webtiles) character file.

Game seed: 6866296262868767882

1218 MisterAzrael the Trooper (level 8, 0/73 HPs)
             Began as a Hill Orc Fighter on Jan 7, 2024.
             Was a Priest of Fedhas.
             Slain by Edmund
             ... wielding a +3 flail of protection
              (9 damage)
             ... on level 6 of the Dungeon.
             The game lasted 00:05:27 (4326 turns).

MisterAzrael the Trooper (Hill Orc Fighter)         Turns: 4326, Time: 00:05:28

Health: 0/73       AC: 15    Str: 21    XL:     8   Next: 46%
Magic:  12/12      EV:  5    Int:  8    God:    Fedhas [***...]
Gold:   168        SH: 10    Dex: 10    Spells: 7/7 levels left

rFire   . . .        a - +0 war axe
rCold   . . .        y - +2 kite shield
rNeg    . . .        k - +0 plate armour
rPois   .            (no helmet)
rElec   .            z - +2 cloak
rCorr   .            (no gloves)
SInv    .            (no boots)
Will    .....        h - amulet of regeneration Stlth
                     (no ring)
HPRegen 1.12/turn    (no ring)
MPRegen 0.13/turn

%: no passive effects
@: mighty
A: no striking features
a: Renounce Religion, Wall of Briars, Grow Ballistomycete


You were on level 6 of the Dungeon.
You worshipped Fedhas.
Fedhas was most pleased with you.
You visited 1 branch of the dungeon, and saw 6 of its levels.

You collected 303 gold pieces.
You spent 135 gold pieces at shops.

Inventory:

Hand Weapons
 a - a +0 war axe (weapon)
Missiles
 i - 2 throwing nets
Armour
 b - a +0 scale mail
 c - a +0 buckler
 k - a +0 plate armour (worn)
 y - a +2 kite shield (worn)
 z - a +2 cloak (worn)
Jewellery
 h - an amulet of regeneration (around neck)
 o - an amulet of reflection
 s - a +4 ring of slaying
 u - an amulet of magic regeneration
Wands
 x - a wand of polymorph (11)
Scrolls
 e - 5 scrolls of identify
 f - 3 scrolls of enchant armour
 m - a scroll of noise
 p - 3 scrolls of teleportation
 q - a scroll of vulnerability {unknown}
 r - a scroll of blinking
 A - a scroll of amnesia {unknown}
Potions
 d - 2 potions of might
 g - a potion of enlightenment {unknown}
 j - a potion of attraction {unknown}
 l - a potion of brilliance {unknown}
 n - a potion of lignification {unknown}
 t - a potion of heal wounds {unknown}
 v - a potion of cancellation {unknown}
 w - a potion of ambrosia {unknown}


   Skills:
 * Level 7.3 Fighting
 + Level 5.6 Axes
 + Level 5.4 Armour
 + Level 5.2 Shields
 * Level 6.4 Invocations


You had 7 spell levels left.
You didn't know any spells.
Your spell library contained the following spells:

 Spells                   Type           Power      Damage    Failure   Level
 Kiss of Death            Conj/Necr      0%         2d5       100%        1
 Scorch                   Fire           0%         2d5       100%        2
 Gell's Gravitas          Tloc           0%         N/A       100%        3
 Hailstorm                Conj/Ice       0%         3d5       100%        3
 Summon Ice Beast         Ice/Summ       0%         N/A       100%        3
 Teleport Other           Tloc           0%         N/A       100%        3
 Anguish                  Hex/Necr       0%         N/A       100%        4
 Cause Fear               Hex            0%         N/A       100%        4
 Flame Wave               Conj/Fire      0%         2d4       100%        4
 Dispersal                Tloc           0%         N/A       100%        6
 Sculpt Simulacrum        Ice/Alch       0%         N/A       100%        6
 Summon Cactus Giant      Summ           0%         N/A       100%        6
 Enfeeble                 Hex            0%         N/A       100%        7


Dungeon Overview and Level Annotations

Branches:
Dungeon (6/15)             Temple (0/1) D:4

Altars:
Ashenzari
Elyvilon
Fedhas
Gozag
Hepliaklqana
Kikubaaqudgha
Nemelex Xobeh
Wu Jian
Xom
Zin
The Shining One

Shops:
D:4 =!:=(   D:6 [:[

Annotations:
D:6 Edmund


Message History

Maggie shouts, "Leave me alone!"
You block Maggie's attack. Maggie hits you with a +0 long sword.
* * * LOW HITPOINT WARNING * * *
You hit Maggie.
Maggie is almost dead.
You block Maggie's attack.
You slice Maggie!!
You kill Maggie!
Fedhas appreciates your contribution to the ecosystem.
Your Fighting skill increases to level 7!
Your Invocations skill increases to level 6!
You hit Edmund.
Edmund is lightly wounded.
Edmund hits you with a +3 flail of protection.
* * * LOW HITPOINT WARNING * * *
Edmund hits you with a +3 flail of protection.
* * * LOW HITPOINT WARNING * * *
You completely miss Edmund.
Edmund is lightly wounded.
Edmund barely misses you.
You slash Edmund!
Edmund is moderately wounded.
Edmund hits you with a +3 flail of protection!
* * * LOW HITPOINT WARNING * * *
You hit Edmund but do no damage.
Edmund is moderately wounded.
Edmund gestures with his flail.
Edmund hits you with a +3 flail of protection!
* * * LOW HITPOINT WARNING * * *
Edmund mutters, "Who needs spells, anyway?"
You block Edmund's attack.
You slash Edmund!
Edmund is severely wounded.
You block Edmund's attack.
You barely miss Edmund.
Edmund is severely wounded.
Edmund hits you with a +3 flail of protection!
You die...
Edmund whines, "They better pay attention to me now!"
Fedhas appreciates your contribution to the ecosystem.

#.##......## ....
#.##......## ....
#)##......## .....
#.......)### .....
############ #.......
#### #......... #..
..#.# #.#.# .#.#.#.#.
#.. #.#@#)#.#
.#.#.#.<.#
...+#.#@#.#.
#.#.#.#.#.
..#.#.#.#.#.#
#.#.#)#.#
#.#.#.#.#.#.# #.....#.
##.#.#.#.#.#.#.#...#.#
#.#.#.#.#.#.#.#+...+#.
##.#.#.#.#.#.#.#...#.#
#.#.#.#.#.#.#.#.#+#.#.
##.#.#.#.#.#.#.#.#.#)#
#.#.#.#.#.#.#.#.#.#.#.


You could see Edmund.

Vanquished Creatures
  Maggie (D:6)
  A steam dragon (D:6)
  2 black bears
  An ogre (D:6)
  A phantom (D:4)
  A gnoll sergeant (D:6)
  2 bombardier beetles
  A hound (D:5)
  A gnoll bouda (D:6)
  2 iguanas (D:5)
  An orc wizard (D:5)
  7 gnolls (D:6)
  4 adders
  A shadow imp (D:6)
  A ribbon worm (D:5)
  2 dart slugs
  7 orcs
  2 bats (D:3)
  6 endoplasms
  A giant cockroach (D:1)
  7 goblins
  2 hobgoblins
  5 jackals
  3 quokkas
  4 ball pythons
  7 frilled lizards
  6 kobolds
  8 rats
87 creatures vanquished.

Vanquished Creatures (collateral kills)
  An orc priest (D:5)
1 creature vanquished.

Grand Total: 88 creatures vanquished

Notes
Turn   | Place    | Note
-------+----------+-------------------------------------------
     0 | D:1      | MisterAzrael the Hill Orc Fighter began the quest for the
                  | Orb.
     0 | D:1      | Reached XP level 1. HP: 19/19 MP: 1/1
   223 | D:1      | Found a faded altar of an unknown god.
   235 | D:1      | Reached XP level 2. HP: 26/27 MP: 2/2
   236 | D:1      | Got Plato's Dissertation on Gloom
   237 | D:1      | Prayed at the altar of an unknown god.
   237 | D:1      | Became a worshipper of Fedhas Madash
   237 | D:1      | Reached * piety under Fedhas
   344 | D:1      | Reached skill level 4 in Fighting
  1637 | D:3      | Reached XP level 3. HP: 33/33 MP: 3/3
  1811 | D:3      | Found a blossoming altar of Fedhas.
  1848 | D:3      | Reached skill level 1 in Invocations
  1947 | D:3      | Reached ** piety under Fedhas
  2408 | D:3      | Found a broken altar of Ashenzari.
  2597 | D:4      | Reached XP level 4. HP: 41/41 MP: 5/5
  2616 | D:4      | Found a sparkling altar of Nemelex Xobeh.
  2621 | D:4      | Found Bekk's Jewellery Shoppe.
  2639 | D:4      | Found Jepit's Book Shop.
  2909 | D:4      | Found a staircase to the Ecumenical Temple.
  2925 | D:4      | Noticed a phantom
  2936 | D:4      | Killed a phantom
  2937 | D:4      | Reached XP level 5. HP: 47/47 MP: 5/7
  2965 | D:4      | Found Hixkeg's Distillery.
  2984 | D:4      | Found Jiah's Weapon Boutique.
  3104 | D:4      | Found Ezae's Jewellery Emporium.
  3315 | D:5      | Entered Level 5 of the Dungeon
  3348 | D:5      | Reached skill level 5 in Fighting
  3389 | D:5      | Reached XP level 6. HP: 50/56 MP: 8/8
  3602 | D:5      | Found a hazy altar of Hepliaklqana.
  3604 | D:5      | Found an opulent altar of Gozag.
  3607 | D:5      | Found a glowing golden altar of the Shining One.
  3616 | D:5      | Found an ancient bone altar of Kikubaaqudgha.
  3623 | D:5      | Found a glowing silver altar of Zin.
  3628 | D:5      | Found an ornate altar of the Wu Jian Council.
  3630 | D:5      | Found a shimmering altar of Xom.
  3631 | D:5      | Found a white marble altar of Elyvilon.
  3719 | D:5      | Noticed a black bear
  3733 | D:5      | Killed a black bear
  3901 | D:6      | Reached XP level 7. HP: 62/62 MP: 10/10
  3916 | D:6      | Noticed a steam dragon
  3931 | D:6      | Killed a steam dragon
  3931 | D:6      | Reached *** piety under Fedhas
  3932 | D:6      | Reached skill level 6 in Fighting
  3936 | D:6      | Reached skill level 5 in Invocations
  4123 | D:6      | Found Miropos's Antique Armour Emporium.
  4131 | D:6      | Reached skill level 5 in Axes
  4133 | D:6      | Reached skill level 5 in Armour
  4143 | D:6      | Reached XP level 8. HP: 66/71 MP: 12/12
  4165 | D:6      | Bought a glowing cloak for 135 gold pieces
  4199 | D:6      | Reached skill level 5 in Shields
  4202 | D:6      | Found Tajecle's Book Boutique.
  4229 | D:6      | Found Wiejedurphe's Antique Armour Emporium.
  4303 | D:6      | Noticed Maggie
  4306 | D:6      | Noticed Edmund
  4320 | D:6      | Killed Maggie
  4321 | D:6      | Reached skill level 7 in Fighting
  4326 | D:6      | Slain by Edmund

Illustrated notes

Levels and vault maps discovered:
D:1:      denvon_arrival_planthouse, layout_basic,
          shapermc_ecumenical_altar_rom_forum
D:2:      layout_basic, kennysheep_decorative_pillar,
          chequers_serial_rivers_micro_e
D:3:      layout_loops_corners, nicolae_overflow_squiral, minmay_misc_feat_doors
D:4:      layout_loops_ring, nemelex_xobeh_ov_fountains_minmay,
          temple_fountains, serial_shops, nicolae_shop_trees,
          nicolae_stop_n_shop_2, nicolae_shop_crystal,
          minmay_shop_enchanted_jewellery, minmay_shop_grid_forest
D:5:      layout_rooms, nicolae_overflow_hallway_of_the_gods
D:6:      layout_basic, serial_shops, nicolae_diamond_shop,
          nicolae_shop_behind_doors, shop, uniq_edmund, uniq_blork_the_orc,
          uniq_maggie

Skill      XL: |  1  2  3  4  5  6  7  8 |
---------------+-------------------------+-----
Axes           | 3 4 5 |  5.6
Fighting       | 4 5 6 7 |  7.3
Invocations    | 1 2 3 4 5 6 |  6.4
Armour         | 4 5 |  5.4
Shields        | 4 5 |  5.2

Action                     |  1- 3 |  4- 6 |  7- 9 || total
---------------------------+-------+-------+-------++-------
  Melee: War axe           |   135 |    92 |    80 ||   307
 Invoke: Wall of Briars    |       |     1 |     1 ||     2
    Use: Scroll            |       |     5 |       ||     5
         Potion            |       |       |     4 ||     4
 Armour: Scale mail        |    43 |       |       ||    43
         Plate armour      |    61 |    93 |    69 ||   223
  Dodge: Dodged            |    41 |    23 |    16 ||    80
  Block: Buckler           |    28 |    10 |       ||    38
         Kite shield       |       |    33 |    58 ||    91

Table legend: (Time is in decaauts)
 A = Elapsed time spent in this place.
 B = Non-inter-level travel time spent in this place.
 C = Inter-level travel time spent in this place.
 D = Time resting spent in this place.
 E = Time spent auto-exploring this place.
 F = Levels seen in this place.
 G = Mean time per level.
                   A        B        C        D        E       F      G
               +--------+--------+--------+--------+--------+-----+--------+
         Total |   4447 |   4268 |    179 |     42 |   3353 |   6 |  741.2 |
       Dungeon |   4447 |   4268 |    179 |     42 |   3353 |   6 |  741.2 |
               +--------+--------+--------+--------+--------+-----+--------+

Top non-repeatable levels by time:
     D:1: 987 daAuts
     D:3: 972 daAuts
     D:4: 753 daAuts
     D:2: 668 daAuts
     D:5: 590 daAuts
     D:6: 474 daAuts
